 Dungeon Crawl Stone Soup version 0.27.1-33-g824d729ab1 (webtiles) character file.

Game seed: 8442624631060353606

3446 Radix the Fighter (level 9, 0/84 HPs)
             Began as a Yellow Draconian Berserker on Dec 31, 2021.
             Was an Elder of Trog.
             Slain by Menkaure (17 damage)
             ... on level 7 of the Dungeon.
             The game lasted 01:28:08 (9926 turns).

Radix the Fighter (Yellow Draconian Berserker)      Turns: 9926, Time: 01:28:09

Health: 0/84       AC: 11    Str: 22    XL:     9   Next: 77%
Magic:  9/9        EV: 14    Int:  8    God:    Trog [****..]
Gold:   469        SH:  0    Dex: 11    Spells: 8/8 levels left

rFire    . . .     SeeInvis .   a - +0 falchion
rCold    . . .     Faith    .   (no shield)
rNeg     + . .     Spirit   .   (armour unavailable)
rPois    .         Reflect  .   (helmet restricted)
rElec    .         Harm     .   (no cloak)
rCorr    +         Rampage  .   (no gloves)
Will     .....                  (no boots)
Stlth    +.........             (no amulet)
HPRegen  0.24/turn              y - ring of positive energy
MPRegen  0.11/turn              K - +4 ring of protection

@: on berserk cooldown, very slightly contaminated, slowed, invisible, very slow
A: spit acid, AC +7, unfitting armour, cold-blooded, acid resistance
a: Breathe Acid, Renounce Religion, Berserk, Trog's Hand, Brothers in Arms


You were on level 7 of the Dungeon.
You worshipped Trog.
Trog was greatly pleased with you.
You visited 2 branches of the dungeon, and saw 8 of its levels.
You also visited: Sewer.

You collected 469 gold pieces.

Inventory:

Hand Weapons
 a - a +0 falchion (weapon)
 f - a +0 dagger of speed
 n - a +2 hunting sling of flaming
 v - a +2 dagger of venom
 w - a +0 short sword of protection
 H - a +0 flail of venom
 M - a +0 hand axe of freezing
 N - a +0 hand axe of flaming
 O - a +0 hunting sling of flaming
Missiles
 o - 235 stones
 q - 7 boomerangs
 P - a throwing net
Armour
 j - a +0 troll leather armour {Purgy}
 p - a +2 chain mail of willpower
 s - +0 steam dragon scales
 z - a +0 tower shield
 G - a +0 cloak
Jewellery
 y - a ring of positive energy (left hand)
 I - an amulet of magic regeneration
 K - a +4 ring of protection (right hand)
Wands
 x - a wand of iceblast (10) (quivered)
Scrolls
 b - 2 scrolls of amnesia {unknown}
 c - 6 scrolls of fear {unknown}
 e - 2 scrolls of torment {unknown}
 i - 6 scrolls of teleportation
 A - a scroll of silence {unknown}
 B - a scroll of fog {unknown}
 C - 2 scrolls of noise {unknown}
 D - a scroll of enchant weapon {unknown}
 E - 2 scrolls of identify {unknown}
 J - 3 scrolls of immolation {unknown}
 L - a scroll of enchant armour {unknown}
Potions
 d - 2 potions of attraction {unknown}
 g - 2 potions of degeneration {unknown}
 h - 2 potions of invisibility
 k - 4 potions of heal wounds {unknown}
 l - 2 potions of lignification {unknown}
 m - a potion of berserk rage {unknown}
 r - a potion of brilliance {unknown}
 t - a potion of cancellation {unknown}
 u - 5 potions of curing {unknown}
 F - 6 potions of flight


   Skills:
 + Level 9.4 Fighting
 + Level 8.7 Long Blades
 + Level 7.9 Dodging


You had 8 spell levels left.
You didn't know any spells.
Your spell library contained the following spells:

 Spells                   Type           Power      Damage    Failure   Level
 Portal Projectile        Hex/Tloc       0%         N/A       78%         3
 Blade Hands              Tmut           0%         N/A       100%        5
 Excruciating Wounds      Necr           0%         N/A       100%        5


Dungeon Overview and Level Annotations

Branches:
Dungeon (7/15)             Temple (1/1) D:5           Sewer (visited)

Altars:
Ashenzari
Cheibriados
Dithmenos
Elyvilon
Fedhas
Gozag
Kikubaaqudgha
Makhleb
Nemelex Xobeh
Okawaru
Qazlal
Sif Muna
Trog
Uskayaw
Vehumet
Xom
Yredelemnul
Zin
The Shining One

Shops:
D:3 *   D:4 [

Annotations:
D:7 Menkaure


Innate Abilities, Weirdness & Mutations

You can spit globs of acid.
Your golden yellow scales are hard. (AC +7)
You cannot fit into any form of body armour.
You are cold-blooded and may be slowed by cold attacks.
You are resistant to acid. (rCorr)


Message History

Your skin crawls.
You feel strong-willed. The orc hits you with a +0 club.
* * * LOW HITPOINT WARNING * * *
You barely miss the orc.
The orc is moderately wounded.
The orc misses you.
You hit the orc.
You kill the orc!
Trog accepts your kill.
Found a diamond ring.
Menkaure calls on the powers of darkness!
Your body is wracked with pain!
* * * LOW HITPOINT WARNING * * *
It was a potion of invisibility.
You fade into invisibility!
You are very lightly contaminated with residual magic.
You feel the effects of Trog's Hand fading.
Menkaure casts a spell at you. You resist with almost no effort.
Menkaure mumbles some strange words.
Menkaure seems to speed up.
Your skin stops crawling.
You feel less strong-willed. Menkaure hits you!
* * * LOW HITPOINT WARNING * * *
You barely miss Menkaure. Menkaure closely misses you.
Menkaure hits you but does no damage.
You hit Menkaure but do no damage. You tail-slap Menkaure.
Menkaure is lightly damaged.
Menkaure barely misses you.
You hit Menkaure.
Menkaure is lightly damaged.
Menkaure hits you but does no damage. x2
You hit Menkaure.
Menkaure is moderately damaged.
Menkaure hits you but does no damage.
You barely miss Menkaure.
Menkaure is moderately damaged.
Menkaure hits you!
You die...

..##..#....#..###.###...+
.....#######......##....#
#.....#P#..##.##..#.....#
###...#._...#.###.#....#
##+## .##...##.P..#.....'...#
#....
####.###_.⌠P'.##..#..###.....
### #....####..#.###....=#
#_...# #..####.....# #.#..##
#@.## ..... ######
#.M.####'#######'#
#.........))......
#.......))).......
##################


You could see Menkaure (fast).

Vanquished Creatures
  The ghost of belegose the Skirmisher, a novice DsCK of Xom (D:7)
  Prince Ribbit (D:7)
  2 wyverns (D:7)
  A steam dragon (D:4)
  Purgy (D:3)
  A black bear (D:5)
  3 ice beasts
  An orc warrior (D:7)
  2 sky beasts (D:6)
  2 ogres
  A phantom (D:5)
  A gnoll sergeant (D:7)
  2 bullfrogs (D:6)
  A wyvern zombie (D:6)
  A scorpion (D:2)
  2 hounds
  3 jellies
  5 orc priests
  A centaur skeleton (D:7)
  2 iguanas (D:5)
  Ijyb (D:3)
  A merfolk siren (Sewer)
  4 orc wizards (D:7)
  A merfolk avatar (Sewer)
  A hound skeleton (D:4)
  Robin (D:3)
  19 gnolls
  A howler monkey skeleton (D:4)
  5 adders
  A river rat (Sewer)
  4 white imps
  An adder skeleton (D:4)
  A worm (D:2)
  5 dart slugs
  18 orcs
  19 ball pythons
  4 bats
  8 endoplasms
  6 giant cockroaches
  13 goblins
  7 hobgoblins
  5 jackals (D:3)
  7 kobolds
  3 quokkas
  8 frilled lizards
  27 rats
205 creatures vanquished.

Vanquished Creatures (others)
  A plant (D:7)
1 creature vanquished.

Grand Total: 206 creatures vanquished

Notes
Turn   | Place    | Note
-------+----------+-------------------------------------------
     0 | D:1      | Radix the Draconian Berserker began the quest for the Orb.
     0 | D:1      | Reached XP level 1. HP: 19/19 MP: 1/1
   553 | D:1      | Reached XP level 2. HP: 26/26 MP: 2/2
   931 | D:2      | Reached XP level 3. HP: 33/33 MP: 3/3
  1194 | D:2      | Reached ** piety under Trog
  1451 | D:2      | Noticed a scorpion
  1458 | D:2      | Killed a scorpion
  1459 | D:2      | Reached skill level 4 in Fighting
  1459 | D:2      | Reached XP level 4. HP: 41/41 MP: 4/4
  1682 | D:3      | Reached XP level 5. HP: 47/47 MP: 5/5
  2055 | D:3      | Noticed Purgy
  2067 | D:3      | Killed Purgy
  2068 | D:3      | Reached skill level 5 in Fighting
  2304 | D:3      | Reached XP level 6. HP: 56/56 MP: 6/6
  2445 | D:3      | Noticed Ijyb
  2457 | D:3      | Paralysed by Ijyb for 2 turns
  2466 | D:3      | Paralysed by Ijyb for 3 turns
  2477 | D:3      | Killed Ijyb
  2521 | D:3      | Found Guschu's Assorted Antiques.
  2596 | D:3      | Noticed Robin
  2625 | D:3      | Killed Robin
  3470 | D:4      | Noticed a steam dragon
  3479 | D:4      | Killed a steam dragon
  3480 | D:4      | Reached skill level 5 in Long Blades
  3480 | D:4      | Your scales start taking on a golden yellow colour.
  3480 | D:4      | Reached XP level 7. HP: 62/62 MP: 7/7
  3480 | D:4      | Gained mutation: You are resistant to acid. (rCorr) [Yellow
                  | Draconian growth]
  3569 | D:4      | Reached *** piety under Trog
  3625 | D:4      | Found Kabie's Antique Armour Emporium.
  3713 | D:4      | Reached skill level 5 in Dodging
  3783 | D:4      | Reached skill level 6 in Fighting
  4253 | D:5      | Entered Level 5 of the Dungeon
  4770 | D:5      | Found a staircase to the Ecumenical Temple.
  4819 | Temple   | Entered the Ecumenical Temple
  5422 | D:6      | Found a glowing drain.
  5443 | D:6      | Reached XP level 8. HP: 71/71 MP: 8/8
  5479 | Sewer    | Entered a sewer
  5769 | Sewer    | Reached **** piety under Trog
  6649 | D:5      | Reached skill level 7 in Fighting
  7365 | D:6      | Found a shadowy altar of Dithmenos.
  8018 | D:7      | Reached skill level 8 in Fighting
  8033 | D:7      | Noticed Prince Ribbit
  8054 | D:7      | Killed Prince Ribbit
  8055 | D:7      | Reached XP level 9. HP: 81/81 MP: 9/9
  8808 | D:7      | Found a runed translucent gate.
  8808 | D:7      | Noticed belegose's ghost (novice DsCK)
  8809 | D:7      | Found a runed translucent gate.
  8811 | D:7      | Found a runed translucent gate.
  9048 | D:7      | Killed belegose's ghost
  9049 | D:7      | Reached skill level 9 in Fighting
  9833 | D:7      | Found a broken altar of Ashenzari.
  9833 | D:7      | Found an ancient bone altar of Kikubaaqudgha.
  9833 | D:7      | Found a shimmering altar of Xom.
  9904 | D:7      | Noticed Menkaure
  9926 | D:7      | Slain by Menkaure

Illustrated notes

Levels and vault maps discovered:
D:1:      lemuel_arrival_rhombus, layout_basic, serial_shops, shop
D:2:      layout_loops_cross, minmay_misc_feat_chi, item_on_display_a
D:3:      wad_crossroads, layout_basic, serial_shops, shop,
          minmay_misc_feat_columns, minmay_shallow_snake_nest, uniq_purgy,
          uniq_robin, uniq_ijyb
D:4:      layout_basic, serial_shops, nicolae_take_the_stairs, abandoned_shop,
          dk_vineyard_3
D:5:      layout_loops_ring, minmay_temple_entry_trees
D:6:      layout_rooms, lemuel_coloured_pillars_altar, portal_sewer_entry_a
D:7:      layout_cave_pools, gammafunk_temple_overflow_forgotten,
          ebering_ghost_rock_garden, minmay_quadrilaterals, uniq_menkaure,
          uniq_prince_ribbit1
Temple:   regret_index_temple_waves

Skill      XL: |  1  2  3  4  5  6  7  8  9 |
---------------+----------------------------+-----
Dodging        | 3 4 5 6 7 |  7.9
Fighting       | 4 5 6 8 9 |  9.4
Long Blades    | 4 5 6 7 8 |  8.7

Action                   |  1- 3 |  4- 6 |  7- 9 || total
-------------------------+-------+-------+-------++-------
Melee: Falchion          |    79 |   131 |   401 ||   611
       Tailslap          |    10 |    18 |    57 ||    85
 Fire: Hunting sling     |       |       |     1 ||     1
Invok: Berserk           |     7 |     9 |    21 ||    37
       Trog's Hand       |       |     3 |    10 ||    13
 Abil: Breathe Acid      |       |       |     4 ||     4
Evoke: Wand              |       |       |     6 ||     6
  Use: Potion            |       |       |     1 ||     1
Armor: Skin              |    29 |    40 |   126 ||   195
Dodge: Dodged            |    60 |   101 |   244 ||   405
       Rpst.: Falchion   |    20 |    26 |    70 ||   116
